Canucks vs Islanders

Created - 15 janvier 2022 at 16:04

Goals
1 2 3 T
Canucks 0 1 1 2
Islanders 0 1 0 1
Shots
1 2 3 T
Canucks 6 10 8 24
Islanders 7 7 6 20

GoalsPenalties
1st period
No Goal
Jack Hughes (VAN) for Hooking (Minor) at 3:19
Christian Fischer (VAN) for Interference (Minor) at 12:45
Anthony Beauvillier (VAN) for Hooking (Minor) at 16:09
2nd period
1. Islanders , Noah Dobson 2 (Travis Sanheim 20, Dylan Strome 16) at 8:09
2. Canucks , Ian Cole 3 (Anthony Beauvillier 10, Artem Zub 17) at 11:28
Alexander Romanov (VAN) for Boarding (Minor) at 12:08
Nicolas Aube-Kubel (NYI) for Holding (Minor) at 18:55
Alexander Romanov (VAN) for Delaying the game (Minor) at 18:55
3rd period
3. Canucks , Austin Wagner 1 (Alexander Romanov 11, Adam Brooks 2) at 4:17
P.K. Subban (VAN) for High sticking (Minor) at 1:23
Jesse Puljujarvi (NYI) for High sticking (Double Minor) at 5:07
Lawson Crouse (NYI) for Hooking (Minor) at 9:41
Nicolas Aube-Kubel (NYI) for Slashing (Minor) at 12:02
Alexander Romanov (VAN) for Interference (Minor) at 14:08
Goalie Stats
Marc-Andre Fleury (VAN), 19 saves from 20 shots - (0,950), W, 13-20-1, 60:00 minutes
Mikko Koskinen (NYI), 22 saves from 24 shots - (0,917), L, 15-18-0, 60:00 minutes
3 StarsOfficial
1 - Austin Wagner (VAN)
2 - Ian Cole (VAN)
3 - Artem Zub (VAN)
Referees : Wes McCauley and Eric Furlatt
Linesman : Brad Lazarowich and Greg Devorski
Game Note
No Game Note



Team Name Goals Shots Shots Attemp Shots Blocked PIM HIT PP PK FO%
Canucks 22463314190 / 4 (0%)049%
Islanders 120381110140 / 6 (0%)051%

Canucks
Player Name POS G A P +/- PIM HIT SHT SB MP PP MP PP SHT PK MP PK SHT FO% FOT
Adam BrooksC011100005:170:0000:00025% 4
Adrian KempeC/LW/RW0000022023:104:1715:5400% 0
Alexander KerfootC/LW/RW0001003013:583:4000:14053% 19
Alexander RomanovD0111602012:320:0000:0300% 0
Anthony BeauvillierLW0111213019:223:4014:34050% 12
Artem ZubD0111030122:193:4906:0300% 0
Arttu RuotsalainenC000-1001010:520:0000:08040% 10
Austin WagnerLW/RW101102105:170:0000:0000% 0
Brock NelsonC/LW0000012022:584:1705:42060% 25
Christian FischerRW000122008:563:4000:0000% 0
Dakota MermisD0001011113:240:0000:5200% 0
David BackesC/RW000-1002013:280:0002:44025% 4
Ian ColeD1011004122:193:4936:0300% 0
Jack HughesC/LW/RW0000230022:064:1704:4000% 1
Jared SpurgeonD000-1001024:584:0805:4000% 0
P.K. SubbanD000-1210024:164:0804:5900% 0
Quinton ByfieldC0001031010:040:0000:0000% 0
Trevor MooreC/LW/RW000-1001010:440:0000:0000% 0
Islanders
Player Name POS G A P +/- PIM HIT SHT SB MP PP MP PP SHT PK MP PK SHT FO% FOT
Alex TuchLW/RW000-1001019:416:5800:00060% 5
Alexandre TexierC/LW/RW000000118:240:0000:0000% 0
Charlie CoyleC/RW0000001017:424:5604:22053% 17
Duncan KeithD000-1001125:156:0714:3000% 0
Dylan StromeC/LW/RW011100009:480:0000:00046% 13
J.T. MillerC/LW/RW000-1025023:416:5803:35140% 5
Jesse PuljujarviRW0000402014:064:5610:0000% 0
Johan LarssonC000-1001012:240:0004:22029% 7
John KlingbergD0000011118:285:4700:0000% 0
Lawson CrouseLW/RW0001210017:134:5602:3000% 0
Mark ScheifeleC000-1002020:066:5810:00052% 25
Milan LucicLW000-101008:080:0000:060100% 1
Nicolas Aube-KubelRW000140009:460:0000:000100% 2
Noah DobsonD1010001112:580:4500:0000% 0
Rasmus DahlinD0000003121:005:0223:2700% 0
Rasmus RistolainenD000-1061126:006:0714:3000% 0
Sammy BlaisLW/RW000-101019:010:0000:5900% 0
Travis SanheimD0110020416:190:0003:2700% 0

Canucks

5 vs 5 Forward
Line #Left WingCenterRight WingPHYDFOFWanted %Time %Time Play
1Adrian KempeBrock NelsonJack Hughes1044030%11:20
2Anthony BeauvillierAlexander KerfootQuinton Byfield1043027%10:04
3Trevor MooreArttu RuotsalainenDavid Backes1042029%10:44
4Austin WagnerAdam BrooksChristian Fischer1041014%5:17
5 vs 5 Defense
Line #DefenseDefensePHYDFOFWanted %Time %Time Play
1Jared SpurgeonP.K. Subban3203027%9:56
2Artem ZubIan Cole3203030%11:22
3Alexander RomanovDakota Mermis3202433%12:32
4Jared SpurgeonP.K. Subban3201610%3:35
Power Play Forward
Line #Left WingCenterRight WingPHYDFOFWanted %Time %Time Play
1Adrian KempeBrock NelsonJack Hughes0055054%4:17
2Anthony BeauvillierAlexander KerfootChristian Fischer0055046%3:40
Power Play Defense
Line #DefenseDefensePHYDFOFWanted %Time %Time Play
1Jared SpurgeonP.K. Subban0055052%4:08
2Artem ZubIan Cole0055048%3:49
Penalty Kill 4 Players Forward
Line #CenterWingPHYDFOFWanted %Time %Time Play
1Brock NelsonAdrian Kempe1225049%5:50
2Anthony BeauvillierJack Hughes1225051%6:04
Penalty Kill 4 Players Defense
Line #DefenseDefensePHYDFOFWanted %Time %Time Play
1Jared SpurgeonP.K. Subban1225049%5:48
2Artem ZubIan Cole1225051%6:06
Penalty Kill 3 Players
Line #WingPHYDFOFWanted %Time %Time PlayDefenseDefensePHYDFOFWanted %Time %Time Play
1Brock Nelson122500%0:00 Jared SpurgeonP.K. Subban122500%0:00
2Adrian Kempe122500%0:00 Artem ZubIan Cole122500%0:00
4 vs 4 Forward
Line #CenterWingPHYDFOFWanted %Time %Time Play
1Brock NelsonAdrian Kempe1225045%0:54
2Anthony BeauvillierJack Hughes1225055%1:05
4 vs 4 Defense
Line #DefensePHYDFOFWanted %Time %Time Play
1Jared SpurgeonP.K. Subban1225045%50% - 0:54
2Artem ZubIan Cole1225055%50% - 1:05
Last Minutes Offensive
Left WingCenterRight WingDefenseDefense
Adrian KempeBrock NelsonJack HughesJared SpurgeonP.K. Subban
Last Minutes Defensive
Left WingCenterRight WingDefenseDefense
Adrian KempeBrock NelsonJack HughesJared SpurgeonP.K. Subban
Time
Total ForwardTotal DefenseLast Minutes OffensiveLast Minutes Defensive
60:00 60:00 0:000:45
Extra Forwards
Normal PowerPlayPenalty Kill
Brock Nelson, Adrian Kempe, Alexander KerfootAdam Brooks, Arttu RuotsalainenDavid Backes
Extra Defensemen
Normal PowerPlayPenalty Kill
Alexander Romanov, Dakota Mermis, Artem ZubAlexander Romanov, Dakota MermisArtem Zub
Penalty Shots
Brock Nelson, Adrian Kempe, Anthony Beauvillier, Jack Hughes, Alexander Kerfoot
Goalie
Marc-Andre Fleury, Ilya Sorokin
Custom OT Lines Forwards
Brock Nelson, Adrian Kempe, Anthony Beauvillier, Jack Hughes, Alexander Kerfoot, Christian Fischer, Arttu Ruotsalainen, David Backes, Quinton Byfield, Trevor Moore
Custom OT Lines Defensemen
Jared Spurgeon, P.K. Subban, Artem Zub, Ian Cole, Alexander Romanov
Scratches
Sam Gagner (Healthy), Michael Frolik (Healthy), Thomas Hickey (Healthy)

Islanders

5 vs 5 Forward
Line #Left WingCenterRight WingPHYDFOFWanted %Time %Time Play
1J.T. MillerMark ScheifeleAlex Tuch1133330%11:11
2Lawson CrouseDylan StromeNicolas Aube-Kubel1222826%9:48
3Alexandre TexierCharlie CoyleJesse Puljujarvi1222422%8:24
4Milan LucicJohan LarssonSammy Blais3111521%8:02
5 vs 5 Defense
Line #DefenseDefensePHYDFOFWanted %Time %Time Play
1Rasmus RistolainenDuncan Keith1223531%11:36
2John KlingbergRasmus Dahlin1223132%11:54
3Noah DobsonTravis Sanheim1222132%12:05
4Rasmus RistolainenDuncan Keith122135%1:50
Power Play Forward
Line #Left WingCenterRight WingPHYDFOFWanted %Time %Time Play
1J.T. MillerMark ScheifeleAlex Tuch0145559%6:58
2Lawson CrouseCharlie CoyleJesse Puljujarvi0144541%4:56
Power Play Defense
Line #DefenseDefensePHYDFOFWanted %Time %Time Play
1John KlingbergRasmus Dahlin1135549%5:47
2Duncan KeithRasmus Ristolainen1224551%6:07
Penalty Kill 4 Players Forward
Line #CenterWingPHYDFOFWanted %Time %Time Play
1Johan LarssonCharlie Coyle1225355%4:22
2J.T. MillerLawson Crouse1224745%3:35
Penalty Kill 4 Players Defense
Line #DefenseDefensePHYDFOFWanted %Time %Time Play
1Rasmus RistolainenDuncan Keith1315257%4:30
2Rasmus DahlinTravis Sanheim1224843%3:27
Penalty Kill 3 Players
Line #WingPHYDFOFWanted %Time %Time PlayDefenseDefensePHYDFOFWanted %Time %Time Play
1Johan Larsson122550%0:00 Rasmus RistolainenDuncan Keith122550%0:00
2Charlie Coyle122450%0:00 John KlingbergTravis Sanheim122450%0:00
4 vs 4 Forward
Line #CenterWingPHYDFOFWanted %Time %Time Play
1Mark ScheifeleJ.T. Miller1225061%1:12
2Alex TuchJesse Puljujarvi1225039%0:47
4 vs 4 Defense
Line #DefensePHYDFOFWanted %Time %Time Play
1Rasmus RistolainenDuncan Keith1225061%50% - 1:12
2John KlingbergTravis Sanheim1225039%50% - 0:47
Last Minutes Offensive
Left WingCenterRight WingDefenseDefense
J.T. MillerMark ScheifeleAlex TuchRasmus RistolainenRasmus Dahlin
Last Minutes Defensive
Left WingCenterRight WingDefenseDefense
J.T. MillerMark ScheifeleAlex TuchRasmus RistolainenRasmus Dahlin
Time
Total ForwardTotal DefenseLast Minutes OffensiveLast Minutes Defensive
60:00 60:00 0:450:00
Extra Forwards
Normal PowerPlayPenalty Kill
Alexandre Texier, Dylan Strome, Sammy BlaisAlexandre Texier, Dylan StromeSammy Blais
Extra Defensemen
Normal PowerPlayPenalty Kill
Noah Dobson, Rasmus Ristolainen, John KlingbergNoah Dobson, Rasmus DahlinJohn Klingberg
Penalty Shots
Mark Scheifele, J.T. Miller, Alex Tuch, Jesse Puljujarvi, Charlie Coyle
Goalie
Mikko Koskinen, Matt Murray
Custom OT Lines Forwards
Mark Scheifele, J.T. Miller, Alex Tuch, Jesse Puljujarvi, Charlie Coyle, Lawson Crouse, Alexandre Texier, Dylan Strome, Sammy Blais, Milan Lucic
Custom OT Lines Defensemen
Rasmus Ristolainen, Rasmus Dahlin, John Klingberg, Travis Sanheim, Noah Dobson
Scratches
Troy Stecher (Healthy), Sebastian AhoD (Healthy)


Play-by-Play

1st period


0:01 of 1st period - Brock Nelson wins face-off versus Alex Tuch in neutral zone.
1:11 of 1st period - Icing by Quinton Byfield.
1:12 of 1st period - Alexander Kerfoot wins face-off versus Charlie Coyle in Canucks zone.
1:30 of 1st period - Noah Dobson is hit by Artem Zub and loses puck.
1:55 of 1st period - Shot by Arttu Ruotsalainen.
1:55 of 1st period - Shot Blocked by Noah Dobson.
1:57 of 1st period - Shot by David Backes.
1:57 of 1st period - Shot Misses the Net.
1:59 of 1st period - Shot by Arttu Ruotsalainen.
1:59 of 1st period - Shot Misses the Net.
2:09 of 1st period - Shot by David Backes.
2:09 of 1st period - Stopped by Mikko Koskinen without a rebound.
2:10 of 1st period - Nicolas Aube-Kubel wins face-off versus Adam Brooks in Islanders zone.
2:14 of 1st period - Rasmus Dahlin is hit by Christian Fischer and loses puck.
3:19 of 1st period - Minor Penalty to Jack Hughes for Hooking.
3:20 of 1st period - Mark Scheifele wins face-off versus Brock Nelson in Canucks zone.
3:46 of 1st period - Shot by Anthony Beauvillier.
3:46 of 1st period - Shot Blocked by Duncan Keith.
4:45 of 1st period - Shot by Rasmus Dahlin.
4:45 of 1st period - Shot Misses the Net.
4:47 of 1st period - Shot by Rasmus Dahlin.
4:47 of 1st period - Stopped by Marc-Andre Fleury with a rebound.
4:49 of 1st period - Shot by Rasmus Dahlin.
4:49 of 1st period - Shot Misses the Net.
4:51 of 1st period - Shot by Jesse Puljujarvi.
4:51 of 1st period - Shot Misses the Net.
5:20 of 1st period - Off-side.
5:21 of 1st period - Adam Brooks wins face-off versus Johan Larsson in neutral zone.
5:31 of 1st period - Noah Dobson is hit by Christian Fischer and loses puck.
5:44 of 1st period - Shot by Austin Wagner.
5:44 of 1st period - Shot Misses the Net.
5:46 of 1st period - Shot by Dakota Mermis.
5:46 of 1st period - Stopped by Mikko Koskinen with a rebound.
6:44 of 1st period - Shot by Trevor Moore.
6:44 of 1st period - Shot Blocked by Rasmus Dahlin.
6:57 of 1st period - Icing by Arttu Ruotsalainen.
6:58 of 1st period - Mark Scheifele wins face-off versus Arttu Ruotsalainen in Canucks zone.
7:15 of 1st period - Shot by J.T. Miller.
7:15 of 1st period - Stopped by Marc-Andre Fleury without a rebound.
7:16 of 1st period - Charlie Coyle wins face-off versus Brock Nelson in Canucks zone.
7:49 of 1st period - Shot by Brock Nelson.
7:49 of 1st period - Shot Misses the Net.
8:08 of 1st period - Icing by Duncan Keith.
8:09 of 1st period - Charlie Coyle wins face-off versus Alexander Kerfoot in Islanders zone.
8:09 of 1st period - Alexandre Texier is hit by Quinton Byfield and loses puck.
8:15 of 1st period - Anthony Beauvillier is hit by Rasmus Ristolainen and loses puck.
8:32 of 1st period - Shot by Alexander Kerfoot.
8:32 of 1st period - Stopped by Mikko Koskinen with a rebound.
8:42 of 1st period - Shot by Alexander Romanov.
8:42 of 1st period - Shot Misses the Net.
9:29 of 1st period - Alex Tuch is hit by Artem Zub and loses puck.
9:40 of 1st period - Shot by Alex Tuch.
9:40 of 1st period - Deflect By J.T. Miller.
9:40 of 1st period - Shot Misses the Net.
9:42 of 1st period - Shot by John Klingberg.
9:42 of 1st period - Stopped by Marc-Andre Fleury without a rebound.
9:43 of 1st period - Dylan Strome wins face-off versus Brock Nelson in Canucks zone.
9:43 of 1st period - Lawson Crouse is hit by P.K. Subban and loses puck.
10:35 of 1st period - Adrian Kempe is hit by Sammy Blais and loses puck.
10:48 of 1st period - Shot by Johan Larsson.
10:48 of 1st period - Shot Misses the Net.
10:50 of 1st period - Shot by Milan Lucic.
10:50 of 1st period - Deflect By Johan Larsson.
10:50 of 1st period - Stopped by Marc-Andre Fleury without a rebound.
10:51 of 1st period - Mark Scheifele wins face-off versus Alexander Kerfoot in Canucks zone.
12:24 of 1st period - Shot by David Backes.
12:24 of 1st period - Stopped by Mikko Koskinen with a rebound.
12:45 of 1st period - Minor Penalty to Christian Fischer for Interference.
12:46 of 1st period - Brock Nelson wins face-off versus Charlie Coyle in Canucks zone.
12:54 of 1st period - Icing by Lawson Crouse.
12:55 of 1st period - Anthony Beauvillier wins face-off versus Charlie Coyle in Islanders zone.
13:19 of 1st period - Charlie Coyle is hit by Jack Hughes and loses puck.
13:54 of 1st period - Icing by J.T. Miller.
13:55 of 1st period - Mark Scheifele wins face-off versus Anthony Beauvillier in Islanders zone.
14:51 of 1st period - Shot by Trevor Moore.
14:51 of 1st period - Stopped by Mikko Koskinen without a rebound.
14:52 of 1st period - Alexander Kerfoot wins face-off versus Dylan Strome in Islanders zone.
14:55 of 1st period - Shot by Alexander Kerfoot.
14:55 of 1st period - Stopped by Mikko Koskinen without a rebound.
14:56 of 1st period - Alexander Kerfoot wins face-off versus Dylan Strome in Islanders zone.
15:10 of 1st period - Icing by Travis Sanheim.
15:11 of 1st period - Brock Nelson wins face-off versus Dylan Strome in Islanders zone.
16:09 of 1st period - Minor Penalty to Anthony Beauvillier for Hooking.
16:10 of 1st period - Mark Scheifele wins face-off versus David Backes in Canucks zone.
16:26 of 1st period - Off-side.
16:27 of 1st period - Alex Tuch wins face-off versus David Backes in neutral zone.
16:46 of 1st period - Shot by Rasmus Ristolainen.
16:46 of 1st period - Stopped by Marc-Andre Fleury without a rebound.
16:47 of 1st period - David Backes wins face-off versus Charlie Coyle in Canucks zone.
16:58 of 1st period - Shot by John Klingberg.
16:58 of 1st period - Shot Blocked by Ian Cole.
17:08 of 1st period - Shot by Rasmus Dahlin.
17:08 of 1st period - Stopped by Marc-Andre Fleury without a rebound.
17:09 of 1st period - Mark Scheifele wins face-off versus David Backes in Canucks zone.
17:31 of 1st period - Shot by Mark Scheifele.
17:31 of 1st period - Stopped by Marc-Andre Fleury with a rebound.
17:43 of 1st period - Shot by J.T. Miller.
17:43 of 1st period - Shot Misses the Net.
18:06 of 1st period - Icing by Rasmus Dahlin.
18:07 of 1st period - Brock Nelson wins face-off versus Charlie Coyle in Islanders zone.
18:42 of 1st period - Sammy Blais is hit by Quinton Byfield.
18:48 of 1st period - Icing by Johan Larsson.
18:49 of 1st period - Milan Lucic wins face-off versus Adam Brooks in Islanders zone.
18:49 of 1st period - Milan Lucic is hit by Austin Wagner.
Goals for this period are 0 for Canucks vs 0 for Islanders.
Shots for this period are 6 for Canucks vs 7 for Islanders.

2nd period


0:01 of 2nd period - Brock Nelson wins face-off versus J.T. Miller in neutral zone.
0:15 of 2nd period - Shot by Mark Scheifele.
0:15 of 2nd period - Shot Misses the Net.
0:29 of 2nd period - Shot by J.T. Miller.
0:29 of 2nd period - Stopped by Marc-Andre Fleury without a rebound.
0:30 of 2nd period - Alexander Kerfoot wins face-off versus Charlie Coyle in Canucks zone.
0:34 of 2nd period - Artem Zub is hit by John Klingberg and loses puck.
0:41 of 2nd period - Shot by Alexander Kerfoot.
0:41 of 2nd period - Stopped by Mikko Koskinen without a rebound.
0:42 of 2nd period - Arttu Ruotsalainen wins face-off versus Dylan Strome in Islanders zone.
0:43 of 2nd period - Shot by Alexander Romanov.
0:43 of 2nd period - Stopped by Mikko Koskinen without a rebound.
0:44 of 2nd period - Brock Nelson wins face-off versus Mark Scheifele in Islanders zone.
0:49 of 2nd period - Shot by Adrian Kempe.
0:49 of 2nd period - Stopped by Mikko Koskinen without a rebound.
0:50 of 2nd period - Brock Nelson wins face-off versus Mark Scheifele in Islanders zone.
1:24 of 2nd period - Icing by Mark Scheifele.
1:25 of 2nd period - Mark Scheifele wins face-off versus Alexander Kerfoot in Islanders zone.
1:25 of 2nd period - Mark Scheifele is hit by Quinton Byfield.
2:14 of 2nd period - Icing by Rasmus Dahlin.
2:15 of 2nd period - Charlie Coyle wins face-off versus Brock Nelson in Islanders zone.
2:15 of 2nd period - Charlie Coyle is hit by Jack Hughes.
2:34 of 2nd period - Shot by Brock Nelson.
2:34 of 2nd period - Stopped by Mikko Koskinen without a rebound.
2:35 of 2nd period - Dylan Strome wins face-off versus Arttu Ruotsalainen in Islanders zone.
2:37 of 2nd period - Icing by Noah Dobson.
2:38 of 2nd period - Dylan Strome wins face-off versus Brock Nelson in Islanders zone.
2:38 of 2nd period - Dylan Strome is hit by Adrian Kempe.
3:04 of 2nd period - Shot by Adrian Kempe.
3:04 of 2nd period - Shot Misses the Net.
3:32 of 2nd period - Duncan Keith is hit by Brock Nelson and loses puck.
3:47 of 2nd period - Shot by Anthony Beauvillier.
3:47 of 2nd period - Deflect By Alexander Kerfoot.
3:47 of 2nd period - Shot Misses the Net.
3:49 of 2nd period - Shot by Alexander Kerfoot.
3:49 of 2nd period - Shot Misses the Net.
3:51 of 2nd period - Shot by Alexander Kerfoot.
3:51 of 2nd period - Shot Blocked by Rasmus Ristolainen.
4:20 of 2nd period - Shot by Anthony Beauvillier.
4:20 of 2nd period - Stopped by Mikko Koskinen without a rebound.
4:21 of 2nd period - Arttu Ruotsalainen wins face-off versus Charlie Coyle in Islanders zone.
4:26 of 2nd period - Shot by Arttu Ruotsalainen.
4:26 of 2nd period - Deflect By David Backes.
4:26 of 2nd period - Shot Misses the Net.
4:34 of 2nd period - Shot by Trevor Moore.
4:34 of 2nd period - Shot Blocked by John Klingberg.
4:36 of 2nd period - Shot by Alexander Romanov.
4:36 of 2nd period - Stopped by Mikko Koskinen without a rebound.
4:37 of 2nd period - Dylan Strome wins face-off versus Adam Brooks in Islanders zone.
6:31 of 2nd period - Shot by J.T. Miller.
6:31 of 2nd period - Stopped by Marc-Andre Fleury without a rebound.
6:32 of 2nd period - Alexander Kerfoot wins face-off versus Mark Scheifele in Canucks zone.
6:32 of 2nd period - Alexander Kerfoot is hit by J.T. Miller.
8:09 of 2nd period - Shot by Noah Dobson.
8:09 of 2nd period - Goal by Noah Dobson - Canucks : 0 - Islanders : 1.
8:10 of 2nd period - Brock Nelson wins face-off versus Charlie Coyle in neutral zone.
8:13 of 2nd period - Shot by Brock Nelson.
8:13 of 2nd period - Stopped by Mikko Koskinen with a rebound.
8:16 of 2nd period - Icing by Rasmus Ristolainen.
8:17 of 2nd period - Charlie Coyle wins face-off versus Brock Nelson in Islanders zone.
8:17 of 2nd period - Charlie Coyle is hit by Adrian Kempe.
8:38 of 2nd period - Shot by Jack Hughes.
8:38 of 2nd period - Shot Blocked by Alexandre Texier.
9:52 of 2nd period - Shot by Anthony Beauvillier.
9:52 of 2nd period - Stopped by Mikko Koskinen without a rebound.
9:53 of 2nd period - Dylan Strome wins face-off versus Arttu Ruotsalainen in Islanders zone.
10:00 of 2nd period - Shot by Arttu Ruotsalainen.
10:00 of 2nd period - Stopped by Mikko Koskinen without a rebound.
10:01 of 2nd period - Arttu Ruotsalainen wins face-off versus Dylan Strome in Islanders zone.
11:26 of 2nd period - Shot by Anthony Beauvillier.
11:26 of 2nd period - Shot Misses the Net.
11:28 of 2nd period - Shot by Ian Cole.
11:28 of 2nd period - Goal by Ian Cole - Canucks : 1 - Islanders : 1.
11:29 of 2nd period - Charlie Coyle wins face-off versus Brock Nelson in neutral zone.
11:29 of 2nd period - Charlie Coyle is hit by Jack Hughes.
11:44 of 2nd period - Jesse Puljujarvi is hit by Dakota Mermis and loses puck.
12:05 of 2nd period - Shot by Charlie Coyle.
12:05 of 2nd period - Stopped by Marc-Andre Fleury with a rebound.
12:08 of 2nd period - Minor Penalty to Alexander Romanov for Boarding.
12:09 of 2nd period - Anthony Beauvillier wins face-off versus Mark Scheifele in Canucks zone.
12:44 of 2nd period - Shot by Jack Hughes.
12:44 of 2nd period - Shot Misses the Net.
12:46 of 2nd period - Shot by Artem Zub.
12:46 of 2nd period - Shot Misses the Net.
13:57 of 2nd period - Off-side.
13:58 of 2nd period - Anthony Beauvillier wins face-off versus Mark Scheifele in neutral zone.
14:04 of 2nd period - Icing by Duncan Keith.
14:05 of 2nd period - Mark Scheifele wins face-off versus Anthony Beauvillier in Islanders zone.
15:15 of 2nd period - Shot by Anthony Beauvillier.
15:15 of 2nd period - Shot Misses the Net.
15:17 of 2nd period - Shot by Quinton Byfield.
15:17 of 2nd period - Shot Misses the Net.
15:19 of 2nd period - Shot by Jared Spurgeon.
15:19 of 2nd period - Shot Misses the Net.
15:21 of 2nd period - Shot by Jared Spurgeon.
15:21 of 2nd period - Shot Blocked by Travis Sanheim.
16:10 of 2nd period - Shot by Jack Hughes.
16:10 of 2nd period - Shot Blocked by Travis Sanheim.
16:12 of 2nd period - Shot by Brock Nelson.
16:12 of 2nd period - Shot Blocked by Sammy Blais.
16:14 of 2nd period - Shot by Artem Zub.
16:14 of 2nd period - Shot Misses the Net.
16:17 of 2nd period - Brock Nelson is hit by Travis Sanheim and loses puck.
16:20 of 2nd period - Shot by Adrian Kempe.
16:20 of 2nd period - Shot Blocked by Travis Sanheim.
16:52 of 2nd period - Shot by Alex Tuch.
16:52 of 2nd period - Stopped by Marc-Andre Fleury without a rebound.
16:53 of 2nd period - Arttu Ruotsalainen wins face-off versus Dylan Strome in Canucks zone.
17:42 of 2nd period - Icing by Duncan Keith.
17:43 of 2nd period - Dylan Strome wins face-off versus Alexander Kerfoot in Islanders zone.
17:59 of 2nd period - Off-side.
18:00 of 2nd period - Brock Nelson wins face-off versus Mark Scheifele in neutral zone.
18:00 of 2nd period - Jack Hughes is hit by J.T. Miller and loses puck.
18:32 of 2nd period - Shot by Rasmus Dahlin.
18:32 of 2nd period - Stopped by Marc-Andre Fleury without a rebound.
18:33 of 2nd period - Charlie Coyle wins face-off versus Alexander Kerfoot in Canucks zone.
18:46 of 2nd period - Shot by Alexandre Texier.
18:46 of 2nd period - Stopped by Marc-Andre Fleury without a rebound.
18:47 of 2nd period - Nicolas Aube-Kubel wins face-off versus Arttu Ruotsalainen in Canucks zone.
18:55 of 2nd period - Minor Penalty to Nicolas Aube-Kubel for Holding.
18:55 of 2nd period - Minor Penalty to Alexander Romanov for Delaying the game.
18:56 of 2nd period - Brock Nelson wins face-off versus Mark Scheifele in Canucks zone.
19:08 of 2nd period - P.K. Subban is hit by Rasmus Ristolainen and loses puck.
19:46 of 2nd period - Icing by Duncan Keith.
19:47 of 2nd period - Anthony Beauvillier wins face-off versus Mark Scheifele in Islanders zone.
19:54 of 2nd period - Shot by Artem Zub.
19:54 of 2nd period - Shot Misses the Net.
Goals for this period are 1 for Canucks vs 1 for Islanders.
Shots for this period are 10 for Canucks vs 7 for Islanders.

3rd period


0:01 of 3rd period - Alex Tuch wins face-off versus Anthony Beauvillier in neutral zone.
0:14 of 3rd period - Shot by Jesse Puljujarvi.
0:14 of 3rd period - Shot Misses the Net.
0:17 of 3rd period - Icing by Artem Zub.
0:18 of 3rd period - Mark Scheifele wins face-off versus Anthony Beauvillier in Canucks zone.
0:22 of 3rd period - J.T. Miller is hit by Artem Zub and loses puck.
0:25 of 3rd period - Shot by J.T. Miller.
0:25 of 3rd period - Stopped by Marc-Andre Fleury without a rebound.
0:26 of 3rd period - Alex Tuch wins face-off versus Brock Nelson in Canucks zone.
0:31 of 3rd period - Shot by Jesse Puljujarvi.
0:31 of 3rd period - Stopped by Marc-Andre Fleury without a rebound.
0:32 of 3rd period - Anthony Beauvillier wins face-off versus Alex Tuch in Canucks zone.
1:21 of 3rd period - Trevor Moore is hit by Lawson Crouse and loses puck.
1:23 of 3rd period - Minor Penalty to P.K. Subban for High sticking.
1:24 of 3rd period - Brock Nelson wins face-off versus Mark Scheifele in Canucks zone.
2:41 of 3rd period - Shot by Jesse Puljujarvi.
2:41 of 3rd period - Stopped by Marc-Andre Fleury without a rebound.
2:42 of 3rd period - Charlie Coyle wins face-off versus Anthony Beauvillier in Canucks zone.
3:01 of 3rd period - Shot by Duncan Keith.
3:01 of 3rd period - Stopped by Marc-Andre Fleury without a rebound.
3:02 of 3rd period - Mark Scheifele wins face-off versus Jack Hughes in Canucks zone.
4:13 of 3rd period - Shot by Adam Brooks.
4:13 of 3rd period - Shot Blocked by Travis Sanheim.
4:15 of 3rd period - Shot by Alexander Romanov.
4:15 of 3rd period - Shot Misses the Net.
4:17 of 3rd period - Shot by Austin Wagner.
4:17 of 3rd period - Goal by Austin Wagner - Canucks : 2 - Islanders : 1.
4:18 of 3rd period - Mark Scheifele wins face-off versus Alexander Kerfoot in neutral zone.
4:34 of 3rd period - Icing by Artem Zub.
4:35 of 3rd period - Charlie Coyle wins face-off versus Alexander Kerfoot in Canucks zone.
4:36 of 3rd period - Shot by Rasmus Dahlin.
4:36 of 3rd period - Shot Misses the Net.
4:46 of 3rd period - Shot by Alexander Kerfoot.
4:46 of 3rd period - Deflect By Quinton Byfield.
4:46 of 3rd period - Shot Misses the Net.
4:48 of 3rd period - Shot by Artem Zub.
4:48 of 3rd period - Shot Misses the Net.
4:50 of 3rd period - Shot by Quinton Byfield.
4:50 of 3rd period - Shot Misses the Net.
4:52 of 3rd period - Shot by Artem Zub.
4:52 of 3rd period - Shot Misses the Net.
5:07 of 3rd period - Double Minor Penalty to Jesse Puljujarvi for High sticking.
5:08 of 3rd period - Brock Nelson wins face-off versus J.T. Miller in Islanders zone.
5:27 of 3rd period - Shot by Brock Nelson.
5:27 of 3rd period - Shot Misses the Net.
5:43 of 3rd period - Shot by Adrian Kempe.
5:43 of 3rd period - Stopped by Mikko Koskinen without a rebound.
5:44 of 3rd period - Alexander Kerfoot wins face-off versus Johan Larsson in Islanders zone.
6:11 of 3rd period - Shot by Anthony Beauvillier.
6:11 of 3rd period - Shot Misses the Net.
6:13 of 3rd period - Shot by Christian Fischer.
6:13 of 3rd period - Shot Misses the Net.
6:15 of 3rd period - Shot by Anthony Beauvillier.
6:15 of 3rd period - Shot Misses the Net.
6:17 of 3rd period - Shot by Anthony Beauvillier.
6:17 of 3rd period - Stopped by Mikko Koskinen without a rebound.
6:18 of 3rd period - J.T. Miller wins face-off versus Brock Nelson in Islanders zone.
7:13 of 3rd period - Shot by J.T. Miller.
7:13 of 3rd period - Stopped by Marc-Andre Fleury without a rebound.
7:14 of 3rd period - Alexander Kerfoot wins face-off versus Johan Larsson in Canucks zone.
7:31 of 3rd period - Shot by Ian Cole.
7:31 of 3rd period - Stopped by Mikko Koskinen without a rebound.
7:32 of 3rd period - Alexander Kerfoot wins face-off versus Johan Larsson in Islanders zone.
7:43 of 3rd period - Shot by Ian Cole.
7:43 of 3rd period - Stopped by Mikko Koskinen without a rebound.
7:44 of 3rd period - Alexander Kerfoot wins face-off versus J.T. Miller in Islanders zone.
7:44 of 3rd period - Alexander Kerfoot is hit by Rasmus Ristolainen.
8:01 of 3rd period - Off-side.
8:02 of 3rd period - Johan Larsson wins face-off versus Brock Nelson in neutral zone.
9:10 of 3rd period - Icing by Rasmus Dahlin.
9:11 of 3rd period - Mark Scheifele wins face-off versus Arttu Ruotsalainen in Islanders zone.
9:34 of 3rd period - Shot by J.T. Miller.
9:34 of 3rd period - Shot Misses the Net.
9:36 of 3rd period - Shot by John Klingberg.
9:36 of 3rd period - Shot Misses the Net.
9:38 of 3rd period - Shot by Mark Scheifele.
9:38 of 3rd period - Shot Misses the Net.
9:40 of 3rd period - Shot by Mark Scheifele.
9:40 of 3rd period - Stopped by Marc-Andre Fleury without a rebound.
9:41 of 3rd period - Alexander Kerfoot wins face-off versus Dylan Strome in Canucks zone.
9:41 of 3rd period - Minor Penalty to Lawson Crouse for Hooking.
9:42 of 3rd period - Johan Larsson wins face-off versus Alexander Kerfoot in Islanders zone.
10:19 of 3rd period - Anthony Beauvillier is hit by Travis Sanheim and loses puck.
12:02 of 3rd period - Minor Penalty to Nicolas Aube-Kubel for Slashing.
12:03 of 3rd period - Brock Nelson wins face-off versus Johan Larsson in Islanders zone.
12:14 of 3rd period - Shot by Ian Cole.
12:14 of 3rd period - Stopped by Mikko Koskinen with a rebound.
12:16 of 3rd period - Shot by Ian Cole.
12:16 of 3rd period - Shot Misses the Net.
12:41 of 3rd period - Off-side.
12:42 of 3rd period - J.T. Miller wins face-off versus Alexander Kerfoot in neutral zone.
13:21 of 3rd period - Shot by Jared Spurgeon.
13:21 of 3rd period - Shot Misses the Net.
14:08 of 3rd period - Minor Penalty to Alexander Romanov for Interference.
14:09 of 3rd period - Anthony Beauvillier wins face-off versus Mark Scheifele in Canucks zone.
14:43 of 3rd period - Shot by Alex Tuch.
14:43 of 3rd period - Shot Misses the Net.
15:22 of 3rd period - Icing by Lawson Crouse.
15:23 of 3rd period - Charlie Coyle wins face-off versus Anthony Beauvillier in Islanders zone.
15:23 of 3rd period - Charlie Coyle is hit by Anthony Beauvillier.
15:43 of 3rd period - Shot by Rasmus Ristolainen.
15:43 of 3rd period - Shot Misses the Net.
16:07 of 3rd period - Shot by Rasmus Dahlin.
16:07 of 3rd period - Shot Blocked by Dakota Mermis.
16:09 of 3rd period - Shot by Milan Lucic.
16:09 of 3rd period - Shot Misses the Net.
16:48 of 3rd period - Adam Brooks is hit by Milan Lucic and loses puck.
17:03 of 3rd period - Rasmus Dahlin is hit by Austin Wagner and loses puck.
17:13 of 3rd period - Off-side.
17:14 of 3rd period - Mark Scheifele wins face-off versus Arttu Ruotsalainen in neutral zone.
18:22 of 3rd period - Shot by Rasmus Dahlin.
18:22 of 3rd period - Shot Blocked by Artem Zub.
19:14 of 3rd period - Shot by Quinton Byfield.
19:14 of 3rd period - Stopped by Mikko Koskinen without a rebound.
19:15 of 3rd period - Brock Nelson wins face-off versus Mark Scheifele in Islanders zone.
19:22 of 3rd period - Shot by Jared Spurgeon.
19:22 of 3rd period - Stopped by Mikko Koskinen without a rebound.
19:23 of 3rd period - Brock Nelson wins face-off versus Mark Scheifele in Islanders zone.
19:27 of 3rd period - Adrian Kempe is hit by Rasmus Ristolainen and loses puck.
19:43 of 3rd period - P.K. Subban is hit by Rasmus Ristolainen and loses puck.
19:59 of 3rd period - Jack Hughes is hit by Rasmus Ristolainen and loses puck.
Goals for this period are 1 for Canucks vs 0 for Islanders.
Shots for this period are 8 for Canucks vs 6 for Islanders.